 Dungeon Crawl Stone Soup version 0.26-a0-1107-g6118521029 (webtiles) character file.

Game seed: 746476582523205424

172 sahdkjhfkaj the Chiller (level 5, -5/22 (24) HPs)
             Began as a Spriggan Ice Elementalist on Dec 17, 2020.
             Slain by a centaur (10 damage)
             ... on level 5 of the Dungeon.
             The game lasted 00:09:34 (6744 turns).

sahdkjhfkaj the Chiller (Spriggan Ice Elementalist) Turns: 6744, Time: 00:09:35

HP:   -5/22 (24)    AC:  2    Str: 10    XL:     5   Next: 27%
MP:   6/10          EV: 19    Int: 18    God:
Gold: 191           SH:  0    Dex: 22    Spells: 1/9 levels left

rFire    . . .     SeeInvis +   (weapon restricted)
rCold    . . .     Faith    .   (shield restricted)
rNeg     . . .     Spirit   .   a - +0 robe
rPois    .         Reflect  .   (helmet restricted)
rElec    .         Harm     .   (no cloak)
rCorr    .         Rampage  .   (gloves unavailable)
Will     .....                  (boots unavailable)
Stlth    +++.......             (no amulet)
HPRegen  0.07/turn              l - +6 ring of strength
MPRegen  0.12/turn              m - +6 ring of dexterity

@: frozen ramparts, drained, very quick
A: very small, unfitting armour, see invisible, speed 3
a: no special abilities


You were on level 5 of the Dungeon.
You visited 1 branch of the dungeon, and saw 5 of its levels.

You collected 191 gold pieces.

Inventory:

Armour
 a - a +0 robe (worn)
Jewellery
 l - a +6 ring of strength (left hand)
 m - a +6 ring of dexterity (right hand)
 o - a +4 ring of protection {unknown}
Scrolls
 b - a scroll of fear {unknown}
 c - a scroll of magic mapping {unknown}
 f - a scroll of teleportation {unknown}
 h - 3 scrolls of remove curse
 j - 2 scrolls of amnesia
 k - a scroll of fog
Potions
 d - a potion of degeneration {unknown}
 e - a potion of mutation {unknown}
 g - a potion of brilliance {unknown}
 i - a potion of cancellation {unknown}
 n - 2 potions of curing {unknown}
 p - a potion of resistance {unknown}


   Skills:
 - Level 3.0 Dodging
 - Level 3.0 Stealth
 - Level 2.6 Spellcasting
 + Level 2.3 Summonings
 - Level 4.8 Ice Magic


You had one spell level left.
You knew the following spells:

 Your Spells              Type           Power        Failure   Level
a - Freeze                Ice            ###.         2%          1
A - Frozen Ramparts       Ice            ###...       7%          3
C - Summon Ice Beast      Ice/Summ       ###.....     36%         4

Your spell library contained the following spells:

 Spells                   Type           Power        Failure   Level
 Ozocubu's Armour         Ice            ###.....     7%          3
 Hailstorm                Conj/Ice       ##......     54%         4


Dungeon Overview and Level Annotations

Branches:
Dungeon (5/15)
 Temple: D:4-7

Altars:
Elyvilon
Hepliaklqana
Makhleb
Zin
The Shining One

Annotations:
D:2 OP wights (3 of them)


Innate Abilities, Weirdness & Mutations

You are very small and have problems with some larger weapons.
You are too small for most types of armour.
You have supernaturally acute eyesight. (SInv)
You cover ground extremely quickly.


Message History

The wall freezes the centaur.
The centaur closely misses you.
The wall freezes the centaur.
The centaur hits you!
The wall freezes the centaur.
The centaur completely misses you.
The wall freezes the centaur.
The centaur completely misses you.
The wall freezes the centaur.
The centaur closely misses you.
The wall freezes the centaur.
The centaur hits you!
The wall freezes the centaur but do no damage.
The centaur misses you.
Casting: Frozen Ramparts (quite dangerous; 7% risk of failure)
Confirm with . or Enter, or press ? or * to list all spells.
Aiming: Freeze (safe; 2% risk of failure)
Press: ? - help, Shift-Dir - straight line, f - centaur
Aim: a centaur, quivering 17 arrows (heavily wounded)
You freeze the centaur.
The centaur is severely wounded.
The wall freezes the centaur but do no damage.
The centaur hits you.
* * * LOW HITPOINT WARNING * * *
The wall freezes the centaur.
The centaur hits you!
You die...

#.. #.##
...# #####
...# .....
###..#
......#....#
.._...#....#
.........@c#
....##.####
. #†# #<#
###


You could see a centaur.

Vanquished Creatures
  A hound (D:5)
  5 adders
  A worm (D:3)
  3 dart slugs
  3 leopard geckos
  5 orcs
  3 ball pythons
  4 giant cockroaches
  12 goblins
  11 hobgoblins
  3 jackals (D:2)
  8 bats
  7 frilled lizards
  6 kobolds
  5 rats
77 creatures vanquished.

Notes
Turn   | Place    | Note
-------+----------+-------------------------------------------
     0 | D:1      | sahdkjhfkaj the Spriggan Ice Elementalist began the quest
                  | for the Orb.
     0 | D:1      | Reached XP level 1. HP: 9/9 MP: 5/5
   138 | D:1      | Reached XP level 2. HP: 13/13 MP: 0/6
   531 | D:1      | Reached skill level 4 in Ice Magic
   696 | D:1      | Reached XP level 3. HP: 16/16 MP: 5/8
   709 | D:1      | Learned a level 3 spell: Frozen Ramparts
  1715 | D:2      | Reached XP level 4. HP: 17/21 MP: 3/9
  2183 | D:2      | Found a white marble altar of Elyvilon.
  2328 | D:2      | Found a hazy altar of Hepliaklqana.
  2669 | D:2      | Learned a level 4 spell: Summon Ice Beast
  2936 | D:3      | Found a burning altar of Makhleb.
  2936 | D:3      | Noticed a green death
  2958 | D:3      | Noticed an orange demon
  2958 | D:3      | Noticed a ynoxinul
  3226 | D:3      | Reached skill level 1 in Summonings
  3537 | D:3      | Found a glowing golden altar of the Shining One.
  6196 | D:4      | Reached XP level 5. HP: 17/19 MP: 6/10
  6663 | D:5      | Entered Level 5 of the Dungeon
  6736 | D:5      | Found a glowing silver altar of Zin.
  6736 | D:5      | Noticed a centaur
  6744 | D:5      | Slain by a centaur

Illustrated notes

Levels and vault maps discovered:
D:1:      wander_arrival_peaceful_grave, layout_rooms, minmay_fountain_box
D:2:      layout_basic, general_overflow_altar, lemuel_round_altar
D:3:      layout_basic, nicolae_overflow_crystal_walls,
          makhleb_altar_promises_db
D:4:      layout_loops_corners
D:5:      layout_basic, basic_altar, supply_closet_lemuel, minmay_crystal_water

Skill      XL: |  1  2  3  4  5 |
---------------+----------------+-----
Ice Magic      | 4 |  4.8
Summonings     | 1 2 |  2.3
Dodging        | |  3.0
Stealth        | |  3.0
Spellcasting   | |  2.6

Action                   |  1- 3 |  4- 6 || total
-------------------------+-------+-------++-------
Melee: Unarmed           |    31 |    66 ||    97
 Cast: Freeze            |    51 |     3 ||    54
       Frozen Ramparts   |     8 |    35 ||    43
       Summon Ice Beast  |       |     4 ||     4
  Use: Scroll            |     3 |     2 ||     5
 Stab: Sleeping          |     1 |     2 ||     3
Armor: Robe              |     8 |     8 ||    16
Dodge: Dodged            |    79 |   108 ||   187

Table legend: (Time is in decaauts)
 A = Elapsed time spent in this place.
 B = Non-inter-level travel time spent in this place.
 C = Inter-level travel time spent in this place.
 D = Time resting spent in this place.
 E = Time spent auto-exploring this place.
 F = Levels seen in this place.
 G = Mean time per level.
                   A        B        C        D        E       F      G
               +--------+--------+--------+--------+--------+-----+--------+
         Total |   5339 |   5186 |    153 |    882 |   3480 |   5 | 1067.8 |
       Dungeon |   5339 |   5186 |    153 |    882 |   3480 |   5 | 1067.8 |
               +--------+--------+--------+--------+--------+-----+--------+

Top non-repeatable levels by time:
     D:2: 1959 daAuts
     D:3: 1571 daAuts
     D:1: 957 daAuts
     D:4: 772 daAuts
     D:5: 79 daAuts
